[Event "Late-Titled-Tuesday-Blitz-September-12-2023"]
[Site "Chess.com"]
[Date "2023.09.12"]
[Round "4"]
[White "zajka-molotok"]
[Black "ChessSwole"]
[Result "0-1"]
[WhiteElo "2512"]
[BlackElo "2707"]
[TimeControl "180+1"]
[EndTime "14:37:08 PDT"]
[Termination "ChessSwole won on time"]

1. e4 e5 2. Nf3 Nc6 3. Nc3 Nf6 4. Bb5 Bb4 5. O-O d6 6. d4 Bxc3 7. bxc3 O-O 8. Re1 Qe7 9. a4 Rd8 10. Bd3 Bg4 11. d5 Nb8 12. h3 Bh5 13. g4 Bg6 14.
Nh4 Nbd7 15. g5 Nh5 16. Nf5 Qe8 17. Qg4 f6 18. h4 Kh8 19. Be3 Qf7 20. c4 Rf8 21. a5 Nf4 22. Bxf4 exf4 23. Qxf4 Ne5 24. Rab1 b6 25. axb6 axb6 26. Qg3 Bh5 27. Nd4 fxg5 28.
hxg5 Bf3 29. Bf1 Qh5 30. Bg2 Ra3 31. Rb3 Rxb3 32. cxb3 Bxg2 33. Kxg2 Ng6 34. Rh1 Nf4+ 35. Kg1 Qd1+ 36. Kh2 Qxd4 37. g6 Nxg6 38. Kg1 Kg8 39. Kg2 Qxe4+ 0-1

[Event "Late-Titled-Tuesday-Blitz-September-12-2023"]
[Site "Chess.com"]
[Date "2023.09.12"]
[Round "4"]
[White "crazy_but_lazy"]
[Black "Piotrek1979"]
[Result "1-0"]
[WhiteElo "2646"]
[BlackElo "2465"]
[TimeControl "180+1"]
[EndTime "14:37:10 PDT"]
[Termination "crazy_but_lazy won by resignation"]

1. Nf3 Nf6 2. b3 g6 3. Bb2 Bg7 4. g3 O-O 5. Bg2 c5 6. O-O Nc6 7. c4 d6 8. Nc3 a6 9. d4 cxd4 10.
Nxd4 Bd7 11. Rc1 Qa5 12. a3 Rfc8 13. b4 Qh5 14. Nd5 Nxd5 15. Bxd5 Rab8 16. Bf3 Bg4 17. Nxc6 Bxf3 18. Nxe7+ Kf8 19. Bxg7+ Kxg7 20. exf3 Re8 21. Nd5 g5 22. Qd4+ Re5 23. c5 Qxf3 24. Rcd1 f6 25. cxd6 h5 26. Rd3 Qf5 27. Ne3 Qe6 28. d7 Rd8 29. Rfd1 h4 30. gxh4 gxh4 31. Kh1 Qc6+ 32.
Nd5 Rxd7 33. Qg4+ Kf7 34. Qf3 Qe6 35. Nf4 Re1+ 36. Rxe1 Qxe1+ 37. Kg2 Re7 38. Qh5+ Kg7 39. Qg6+ Kf8 40. Rd8+ Re8 41. Rxe8+ Qxe8 42. Qxf6+ Kg8 43. Qg6+ Kf8 44. Qxe8+ Kxe8 45. Kh3 a5 46. bxa5 Kd7 47. Kxh4 Kd6 48. Kg5 1-0

[Event "Late-Titled-Tuesday-Blitz-September-12-2023"]
[Site "Chess.com"]
[Date "2023.09.12"]
[Round "4"]
[White "Big_Finky"]
[Black "Mariia89"]
[Result "1-0"]
[WhiteElo "2274"]
[BlackElo "2007"]
[TimeControl "180+1"]
[EndTime "14:37:11 PDT"]
[Termination "Big_Finky won on time"]

1. d4 Nf6 2. c4 c5 3. d5 b5 4.
cxb5 a6 5. e3 Qa5+ 6. Nc3 axb5 7.
Bxb5 Ba6 8. Bxa6 Nxa6 9. Nf3 d6 10. O-O g6 11. e4 Bg7 12. e5 dxe5 13. Nxe5 O-O 14.
Nc6 Qc7 15. Qf3 Rfe8 16. Bf4 Qd7 17. Rfe1 Rac8 18. Rad1 Nb4 19. Ne5 Qf5 20. g4 Nxg4 21. Qxg4 Qxg4+ 22. Nxg4 Nc2 23. Rf1 Nd4 24. Be5 Nf3+ 25. Kg2 Nxe5 26. Nxe5 Bxe5 27. Rfe1 Bd6 28. Re4 Rb8 29. Rd2 Rb4 30. Rde2 Reb8 31. Rxb4 Rxb4 32.
Ne4 Be5 33. Nxc5 Bxb2 34. Nd3 Rg4+ 35. Kf3 1-0

[Event "Late-Titled-Tuesday-Blitz-September-12-2023"]
[Site "Chess.com"]
[Date "2023.09.12"]
[Round "4"]
[White "Aleksandar-Topalov"]
[Black "wadsy27"]
[Result "0-1"]
[WhiteElo "2363"]
[BlackElo "2611"]
[TimeControl "180+1"]
[EndTime "14:37:12 PDT"]
[Termination "wadsy27 won on time"]

1. b3 d5 2. Bb2 c6 3. Nf3 Nf6 4. g3 Bg4 5. Bg2 Nbd7 6. O-O e6 7. d3 a5 8. a3 Be7 9. Nbd2 O-O 10. Qe1 b5 11. e4 Bxf3 12. Nxf3 dxe4 13. dxe4 a4 14. e5 Nd5 15. c4 N5b6 16. cxb5 axb3 17. Nd4 c5 18. Nc6 Qe8 19. Nxe7+ Qxe7 20. Bxa8 Rxa8 21. Qe3 c4 22. a4 Rxa4 23. Rxa4 Nxa4 24. Bd4 Qb4 25.
Rc1 Qxb5 26. Qd2 h6 27. Ba1 Ndc5 28. Qd8+ Kh7 29. Qd4 Nd3 30. Rxc4 b2 31. Bxb2 Naxb2 32. Qe4+ g6 33. Rc7 Nxe5 34. Qf4 Kg7 35. Qd4 Nd3 36. f4 Qb1+ 37. Kg2 Qa2+ 38. Kg1 Qa5 39. fxe5 Qxc7 40. Qxd3 Qxe5 0-1

[Event "Late-Titled-Tuesday-Blitz-September-12-2023"]
[Site "Chess.com"]
[Date "2023.09.12"]
[Round "4"]
[White "RichardLeyvaP"]
[Black "NovikovaGalina"]
[Result "1-0"]
[WhiteElo "2615"]
[BlackElo "2426"]
[TimeControl "180+1"]
[EndTime "14:37:12 PDT"]
[Termination "RichardLeyvaP won by resignation"]

1. e4 e6 2. d4 d5 3. Nc3 Bb4 4. e5 c5 5. a3 Bxc3+ 6. bxc3 Ne7 7. Qg4 Kf8 8. Bd3 Qa5 9. Bd2 Qa4 10. Ra2 Nbc6 11.
Nf3 b6 12. O-O Ba6 13. Bxa6 Qxa6 14. dxc5 bxc5 15. Be3 Qa5 16. Rb1 Nf5 17. Bd2 Qc7 18. Qf4 Rb8 19. Rab2 Rxb2 20. Rxb2 h6 21. g4 Nfe7 22.
Be3 c4 23. Bc5 Kg8 24. Bd6 Qd7 25. Qe3 Kh7 26. h4 Nc8 27. Bc5 Re8 28. Bd4 Nxd4 29. cxd4 Nb6 30. h5 c3 31. Qxc3 Rc8 32. Qd3+ Kg8 33. g5 hxg5 34. Nxg5 Nc4 35. Qh7+ Kf8 36. Qh8+ Ke7 37. Qxg7 Rf8 38. Rb3 Nb6 39. h6 Qe8 40. h7 Kd8 41. h8=Q Rxh8 42. Qxh8 Qxh8 43. Nxf7+ Ke7 44. Nxh8 Nc4 45. Ng6+ Kf7 46. Nf4 Nd2 47. Kg2 Ne4 48. Rb7+ 1-0

[Event "Late-Titled-Tuesday-Blitz-September-12-2023"]
[Site "Chess.com"]
[Date "2023.09.12"]
[Round "4"]
[White "CrushingKings"]
[Black "Lennis93"]
[Result "0-1"]
[WhiteElo "2519"]
[BlackElo "2717"]
[TimeControl "180+1"]
[EndTime "14:37:13 PDT"]
[Termination "Lennis93 won by resignation"]

1. Nf3 c5 2. g3 Nc6 3. d4 cxd4 4. Nxd4 g6 5. Bg2 Bg7 6. Nb3 Nf6 7. c4 O-O 8. Nc3 d6 9. O-O Be6 10. Nd5 a5 11. Bg5 a4 12. Bxf6 exf6 13. Nd4 f5 14.
Nb5 Bxb2 15. Rb1 a3 16. Ndc7 Bxc4 17. Nxd6 Bxa2 18. Nxa8 Bxb1 19. Qxb1 Qxd6 20. Nb6 Qb4 21. Nd5 Qb3 22. Nf6+ Kg7 23. Bd5 a2 24. Bxb3 axb1=Q 25. Rxb1 Bxf6 26. Bd5 Ne7 27. Bxb7 Rb8 28. Be4 Rxb1+ 29.
Bxb1 Bd4 30. Kg2 h5 31. h4 f6 32. Ba2 Be5 33. Be6 Kf8 34. e3 Bc7 35. Kf3 Nc6 36. Kg2 Ne5 37. Bd5 Ke7 38. Bg8 Bb6 39. Bd5 Ba5 40. Kf1 Ng4 41. Bg8 Bb6 42. Ke2 f4 43.
gxf4 Nh6 44. Bd5 Nf5 45. e4 Nxh4 46. e5 fxe5 47. fxe5 g5 48. Kf1 Ng6 49. e6 Nf4 50. Bf3 g4 51. Bd1 Nxe6 0-1

[Event "Late-Titled-Tuesday-Blitz-September-12-2023"]
[Site "Chess.com"]
[Date "2023.09.12"]
[Round "4"]
[White "imdarealist"]
[Black "ChessDokmus"]
[Result "0-1"]
[WhiteElo "2282"]
[BlackElo "2196"]
[TimeControl "180+1"]
[EndTime "14:37:13 PDT"]
[Termination "ChessDokmus won by checkmate"]

1. d4 d5 2. Bf4 c6 3. c4 Nf6 4. Nc3 Bf5 5. Qb3 Qb6 6. c5 Qxb3 7. axb3 Nbd7 8. b4 e5 9. dxe5 Nh5 10. e3 Nxf4 11. exf4 g5 12. g3 Bh6 13. Bh3 Bxh3 14. Nxh3 gxf4 15. gxf4 a6 16. Ke2 O-O-O 17.
Kf3 Kb8 18. Rae1 Rde8 19. Rhg1 Nf8 20. Ng5 Bxg5 21. Rxg5 Ne6 22. Rf5 Nd4+ 23. Kg4 Nxf5 24. Kxf5 Rhg8 25. Kf6 Kc7 26. f5 Kd7 27. Na4 Ref8 28. Nb6+ Ke8 29. e6 fxe6+ 30. Kxe6 Kd8 31. Re3 Rg7 32. f6 Rgf7 33. Rf3 Rc7 34. Na4 Re8+ 35. Kf5 Rf7 36. Nc3 Kd7 37. Rf4 Ref8 38. Kg5 Rg8+ 39. Kf5 Rg6 40. Ke5 Rg5+ 41. Rf5 Rg4 42. Ne2 Re4# 0-1

[Event "Late-Titled-Tuesday-Blitz-September-12-2023"]
[Site "Chess.com"]
[Date "2023.09.12"]
[Round "4"]
[White "Mikhail_Golubev"]
[Black "valemava"]
[Result "0-1"]
[WhiteElo "2588"]
[BlackElo "2368"]
[TimeControl "180+1"]
[EndTime "14:37:15 PDT"]
[Termination "valemava won on time"]

1. e4 c5 2. Nf3 Qa5 3. Nc3 a6 4. d4 b5 5. dxc5 e6 6. a3 b4 7.
axb4 Qxb4 8. Ra4 Qb7 9. b4 Nc6 10. Ba3 Nf6 11. e5 Ng4 12. Be2 Ngxe5 13. O-O Ng6 14.
Ne4 Be7 15. Nd6+ Bxd6 16. Qxd6 Nge7 17. Bd3 O-O 18. Qg3 f5 19. Bb2 Ng6 20. h4 Qb8 21. Qg5 Qf4 22. g3 Qxg5 23. hxg5 Bb7 24. c4 e5 25. Nh4 e4 26. Nxg6 hxg6 27. Be2 a5 28. b5 Nb4 29. Be5 Rfe8 30. Bd6 Re6 31. Rd1 e3 32. f4 Be4 33. Be5 Bc2 34. Rxd7 Bxa4 35.
Rxg7+ Kf8 36. Rh7 Rd8 37. c6 Nxc6 38. bxc6 Bxc6 39. Rh8+ Ke7 40. Bf6+ Rxf6 41. gxf6+ Kd7 42. Rh7+ Ke6 43. Re7+ Kxf6 44. Rf7+ Kxf7 0-1

[Event "Late-Titled-Tuesday-Blitz-September-12-2023"]
[Site "Chess.com"]
[Date "2023.09.12"]
[Round "4"]
[White "Beca95"]
[Black "RIPOL"]
[Result "1-0"]
[WhiteElo "2946"]
[BlackElo "2458"]
[TimeControl "180+1"]
[EndTime "14:37:15 PDT"]
[Termination "Beca95 won on time"]

1. e4 Nf6 2. e5 Nd5 3. d4 d6 4. c4 Nb6 5. f4 dxe5 6. fxe5 c5 7.
d5 g6 8. Nc3 Bg7 9. Bf4 O-O 10.
Nf3 Bg4 11. h3 Bxf3 12. Qxf3 N8d7 13. Qe3 Qb8 14. e6 Ne5 15. g3 Nexc4 16. Qe4 Nd6 17. exf7+ Rxf7 18. Qe6 Qf8 19. Bg2 Kh8 20. O-O Nbc4 21.
Qe2 Bd4+ 22. Kh2 a6 23. Rac1 b5 24. b3 Nb6 25. Ne4 Nxe4 26. Qxe4 Rd8 27. b4 Nc4 28. h4 a5 29. bxc5 Bxc5 30. Be5+ Kg8 31. Rxf7 Qxf7 32. Rf1 Qe8 33. Bc3 Nd6 34. Qe6+ Nf7 35. h5 Rd6 36. Qg4 Nh8 37. Qf4 Nf7 38.
Bh3 b4 39. Ba1 1-0

[Event "Late-Titled-Tuesday-Blitz-September-12-2023"]
[Site "Chess.com"]
[Date "2023.09.12"]
[Round "4"]
[White "KaydenTroffChess"]
[Black "angryspacevoid"]
[Result "0-1"]
[WhiteElo "2730"]
[BlackElo "2546"]
[TimeControl "180+1"]
[EndTime "14:37:16 PDT"]
[Termination "angryspacevoid won by resignation"]

1. d4 d5 2. c4 e6 3. Nf3 Nf6 4. g3 Nc6 5. Bg2 dxc4 6. Qa4 Bb4+ 7. Bd2 Nd5 8. Ne5 Bd7 9. Nxd7 Qxd7 10. e4 Nb6 11. Qd1 Qxd4 12. Nc3 O-O-O 13. Qe2 Ne5 14. O-O-O Qxf2 15. Kc2 Nd3 16. Rhf1 Qxe2 17. Nxe2 Bxd2 18. Rxd2 Nb4+ 19. Kd1 f6 20. a3 Nd3 21. Kc2 Nc5 22. Nd4 Rd6 23. Nb5 Rxd2+ 24. Kxd2 Rd8+ 25. Kc2 a6 26. Nc3 Nb3 27. Rf2 Nd7 28. Bf1 Ne5 29.
Bxc4 Nd4+ 30. Kb1 Nxc4 31. Ka2 Ne5 32. h3 Ndf3 33. Rf1 Rd2 34. Nb1 Rh2 35. h4 Nd2 36.
Nxd2 Rxd2 37. Kb3 Rd3+ 38. Kc2 Rxg3 39. Rh1 Ng4 40. h5 h6 41. Rf1 Ne3+ 0-1

[Event "Late-Titled-Tuesday-Blitz-September-12-2023"]
[Site "Chess.com"]
[Date "2023.09.12"]
[Round "4"]
[White "MightyGMpretender"]
[Black "KamilGrycel"]
[Result "1-0"]
[WhiteElo "2731"]
[BlackElo "2525"]
[TimeControl "180+1"]
[EndTime "14:37:16 PDT"]
[Termination "MightyGMpretender won on time"]

1. e4 d6 2. d4 Nf6 3. Nc3 c6 4. g3 Nbd7 5. Bg2 e5 6. Nge2 Be7 7. O-O O-O 8. h3 Qb6 9. a3 Re8 10. Kh1 exd4 11. Nxd4 Nc5 12. b4 Ne6 13. Nf5 Qc7 14.
Bb2 a5 15. b5 Bf8 16. Ne2 Nd7 17. Ned4 Ndc5 18. Qd2 Nxd4 19. Qxd4 Bxf5 20. exf5 d5 21.
Qg4 Rad8 22. Bxg7 Bxg7 23. f6 Ne6 24. bxc6 bxc6 25. fxg7 Nxg7 26. Rfe1 Qd6 27. Qa4 Qc5 28.
Kg1 Rd6 29. Rxe8+ Nxe8 30. Re1 Re6 31. Qg4+ Ng7 32. Rb1 Re8 33. c4 dxc4 34. Rc1 c3 35.
Be4 h6 36. Bc2 Qxa3 37. Rd1 Qc5 38. Rd7 1-0

[Event "Late-Titled-Tuesday-Blitz-September-12-2023"]
[Site "Chess.com"]
[Date "2023.09.12"]
[Round "4"]
[White "Macron20hTF1"]
[Black "stasOR4ik"]
[Result "1-0"]
[WhiteElo "2629"]
[BlackElo "2444"]
[TimeControl "180+1"]
[EndTime "14:37:16 PDT"]
[Termination "Macron20hTF1 won by resignation"]

1. Nf3 d5 2. e3 Nf6 3. c4 c6 4. Nc3 Bf5 5. d4 Nbd7 6. cxd5 cxd5 7. Qb3 Nb6 8. Ne5 e6 9. a4 Bd6 10. a5 Nbd7 11. Nxd7 Nxd7 12. Qxb7 O-O 13. Qa6 Nf6 14. Bd3 Bg4 15. h3 Bh5 16. O-O Qe7 17. e4 e5 18. Bg5 exd4 19. Nxd5 Qe6 20. Nf4 Qe5 21. Qb5 Qxb5 22. Bxb5 Nxe4 23. Nxh5 Nxg5 24. Rad1 Rfd8 25.
f4 Ne4 26. Bc6 f5 27. Bxa8 Rxa8 28. Kh2 Bc5 29. Ng3 g6 30. Rfe1 Re8 31. Re2 Kf7 32.
b4 Bd6 33. Nxe4 fxe4 34. Rxd4 Bxf4+ 35. g3 Bg5 36. Rdxe4 Rc8 37. h4 Bf6 38. Rf2 Kg7 39. Ref4 Rc6 40. Rxf6 Rxf6 41. Rxf6 Kxf6 42. b5 Ke6 43. b6 axb6 44. a6 b5 45. a7 b4 46.
a8=Q 1-0

[Event "Late-Titled-Tuesday-Blitz-September-12-2023"]
[Site "Chess.com"]
[Date "2023.09.12"]
[Round "4"]
[White "kacprekt"]
[Black "queen_iryna"]
[Result "1-0"]
[WhiteElo "2494"]
[BlackElo "2347"]
[TimeControl "180+1"]
[EndTime "14:37:16 PDT"]
[Termination "kacprekt won by resignation"]

1. Nf3 d6 2. d4 g6 3. Nbd2 Bg7 4. e4 Nf6 5. Bb5+ Bd7 6. a4 O-O 7. O-O Nc6 8. Re1 e5 9. Bxc6 Bxc6 10. dxe5 dxe5 11. Nxe5 Bxe4 12. Nxe4 Qxd1 13. Nxf6+ Bxf6 14. Rxd1 Bxe5 15. c3 Rad8 16. Be3 b6 17. g3 Bf6 18. Kf1 Rxd1+ 19. Rxd1 Rd8 20. Rxd8+ Bxd8 21. Ke2 Kf8 22. Kd3 Ke7 23. Kc4 c6 24. Bf4 Ke6 25. b4 a6 26. b5 cxb5+ 27. axb5 a5 28. Be3 Bc7 29.
Bd4 f5 30. h3 g5 31. g4 fxg4 32. hxg4 Bd8 33. f3 Bc7 34. Bf2 Bd8 35. Be3 Ke5 36.
Bc1 Ke6 37. Kd4 Bf6+ 38. Kc4 Bd8 39. Ba3 Ke5 40. Kd3 Kd5 41. c4+ Ke5 42. Ke3 Bc7 43.
Bb2+ Ke6 44. Ke4 Bd6 45. Bd4 Bc7 46. c5 bxc5 47. Bxc5 a4 48. b6 Bb8 49. Kd4 Bg3 50.
Kc4 Kd7 51. Kb5 Kc8 52. Kxa4 Kb7 53. Kb5 Bf4 54. Bd4 Bd6 55. Be3 Be7 56. Kc4 Bd8 57.
Kd5 Bxb6 58. Bxb6 Kxb6 59. Ke5 Kc5 60. Kf5 Kd5 61. Kxg5 Ke5 62. f4+ Ke6 63. f5+ Ke5 64. Kh6 1-0

[Event "Late-Titled-Tuesday-Blitz-September-12-2023"]
[Site "Chess.com"]
[Date "2023.09.12"]
[Round "4"]
[White "Vadim_Biliy"]
[Black "pirulillo"]
[Result "0-1"]
[WhiteElo "2211"]
[BlackElo "2332"]
[TimeControl "180+1"]
[EndTime "14:37:16 PDT"]
[Termination "pirulillo won on time"]

1. d4 Nf6 2. Nf3 g6 3. e3 Bg7 4. Be2 O-O 5. O-O d6 6. b4 Nbd7 7. c3 e5 8. dxe5 dxe5 9. Nbd2 e4 10. Nd4 Re8 11. Ba3 h5 12. h3 Nf8 13. Nc4 Bd7 14. Kh2 N8h7 15. Rh1 Ng5 16. Kg1 Qc8 17. Bf1 Nd5 18.
Qc2 Bxd4 19. cxd4 Bxh3 20. Ne5 Bf5 21. Bc4 c6 22. Rc1 Qd8 23. b5 Rc8 24. Qb3 Be6 25.
bxc6 bxc6 26. Bc5 Kg7 27. Bxa7 f6 28. Bxd5 Bxd5 29. Nc4 Qd7 30. Bc5 Rb8 31. Nb6 Qg4 32. Qa4 Rxb6 33. Bxb6 h4 34. Rxc6 h3 35. Rc7+ Kh6 36.
Rxh3+ Nxh3+ 37. Kh2 Nf4 38. exf4 e3 39. f3 Qh4+ 40. Kg1 e2 0-1

[Event "Late-Titled-Tuesday-Blitz-September-12-2023"]
[Site "Chess.com"]
[Date "2023.09.12"]
[Round "4"]
[White "Korchmar_Vasiliy"]
[Black "simplerXiao"]
[Result "1-0"]
[WhiteElo "2699"]
[BlackElo "2511"]
[TimeControl "180+1"]
[EndTime "14:37:18 PDT"]
[Termination "Korchmar_Vasiliy won by checkmate"]

1. e4 c5 2. d4 cxd4 3. Qxd4 Nc6 4. Qd3 e6 5. Nc3 a6 6. Bf4 b5 7. O-O-O Qa5 8. Kb1 b4 9. Nd5 exd5 10. exd5 Nce7 11. d6 Nc6 12. Re1+ Kd8 13. Nf3 h6 14.
Ne5 Nxe5 15. Rxe5 Qb6 16. Qe4 Bxd6 17. Re8+ Kc7 18. Qxa8 Ne7 19. Be3 Rxe8 20. Bxb6+ Kxb6 21. Bxa6 Kc7 22. Rd1 Bc5 23. Bxc8 Rxc8 24. Qa5+ Bb6 25. Qe5+ Kd8 26. Qxg7 Kc7 27. Qxf7 Bc5 28. Qf4+ Kb6 29. Qxh6+ Nc6 30. Rxd7 Bxf2 31. Rd6 Bc5 32. Re6 Kb5 33. g4 Rd8 34. a4+ bxa3 35. Rxc6 axb2 36. Rxc5+ Kxc5 37. Qg5+ Kc4 38. Qxd8 Kc3 39. Qd5 Kb4 40. Kxb2 Ka4 41.
Qb7 Ka5 42. c4 Ka4 43. Qb5# 1-0

[Event "Late-Titled-Tuesday-Blitz-September-12-2023"]
[Site "Chess.com"]
[Date "2023.09.12"]
[Round "4"]
[White "Dewarfd"]
[Black "Chessdude1987"]
[Result "0-1"]
[WhiteElo "2207"]
[BlackElo "2426"]
[TimeControl "180+1"]
[EndTime "14:37:18 PDT"]
[Termination "Chessdude1987 won by checkmate"]

1. d4 e6 2. e3 f5 3. Nf3 Nf6 4.
Be2 Be7 5. O-O b6 6. c4 Bb7 7. b4 Ne4 8. Bb2 O-O 9. b5 Rf6 10. Nfd2 d5 11. cxd5 exd5 12. Nc3 Nd7 13. a4 Rh6 14.
Ndxe4 fxe4 15. f4 exf3 16. Bxf3 Nf6 17. Qb3 Kh8 18. Ba3 Bxa3 19. Qxa3 a6 20. Rae1 axb5 21. Nxb5 Ra5 22. Qb3 Bc6 23. Rc1 Bxb5 24. axb5 Qd6 25. h3 Rg6 26. Bxd5 Ra3 27. Ra1 Rxa1 28. Rxa1 h5 29.
Ra8+ Kh7 30. Bg8+ Kh6 31. Bf7 Rg3 32. Qe6 Qxe6 33. Bxe6 Rxe3 34. Rc8 Rxe6 35. Rxc7 Rd6 36. Rc6 Rxc6 37. bxc6 Nd5 38. Kf2 Kg5 39. Kf3 Kf5 40. g4+ hxg4+ 41. hxg4+ Ke6 42. Ke4 Kd6 43. g5 Kxc6 44.
Ke5 b5 45. Ke6 b4 46. Kf7 b3 47. Kxg7 b2 48. Kf7 b1=Q 49. g6 Qf1+ 50. Kg8 Qf6 51. g7 Ne7+ 52. Kh7 Qh4# 0-1

[Event "Late-Titled-Tuesday-Blitz-September-12-2023"]
[Site "Chess.com"]
[Date "2023.09.12"]
[Round "4"]
[White "Tunahan_Makaraci"]
[Black "infinitegiantkiller"]
[Result "1-0"]
[WhiteElo "2316"]
[BlackElo "2457"]
[TimeControl "180+1"]
[EndTime "14:37:21 PDT"]
[Termination "Tunahan_Makaraci won on time"]

1. e4 c5 2. c3 Nc6 3. d4 cxd4 4.
cxd4 d5 5. exd5 Qxd5 6. Nf3 Nf6 7. Nc3 Qa5 8. d5 Nb4 9. Bc4 Qc5 10. Bb3 e6 11.
dxe6 Bxe6 12. Bxe6 fxe6 13. O-O Nbd5 14. Qe2 Qb6 15. Bg5 O-O-O 16. Nxd5 Rxd5 17. Rac1+ Kb8 18.
Ne5 Bc5 19. b4 Bd4 20. Bf4 Ka8 21. Nc4 Qa6 22. Rfd1 e5 23. Bg5 Rhd8 24. Qc2 Qe6 25. Ne3 R5d6 26. Bxf6 gxf6 27. Nf5 Rc6 28. Nxd4 exd4 29.
Qd2 Rxc1 30. Rxc1 a6 31. a4 d3 32. h3 Qe2 33. Rd1 Qxd2 34. Rxd2 Rd4 35. a5 Kb8 36. f3 Kc7 37. Kf2 Rxb4 38. Rxd3 Rb5 39. Ra3 Kc6 40. Ra4 Rc5 41. Rf4 f5 42. Rh4 Kb5 43.
Rxh7 Kxa5 44. Rxb7 Rb5 45. Ra7 1-0

[Event "Late-Titled-Tuesday-Blitz-September-12-2023"]
[Site "Chess.com"]
[Date "2023.09.12"]
[Round "4"]
[White "APOKALIPSA13"]
[Black "S-Fazulyanov"]
[Result "0-1"]
[WhiteElo "2258"]
[BlackElo "2460"]
[TimeControl "180+1"]
[EndTime "14:37:24 PDT"]
[Termination "S-Fazulyanov won by resignation"]

1. e4 c5 2. Nf3 Nc6 3. d4 cxd4 4. c3 Nf6 5. e5 Nd5 6. cxd4 d6 7. Bc4 Nb6 8.
Bxf7+ Kxf7 9. Ng5+ Ke8 10. Qf3 Nxd4 11. Qf7+ Kd7 12. e6+ Kc7 13. Na3 h6 14. Be3 Nc6 15.
Ne4 Nd5 16. Nxd6 Nxe3 17. fxe3 Kb8 18. Ndb5 Qd5 19. Rd1 Qxe6 20. Qf4+ Qe5 21. O-O Qxf4 22. Rxf4 e5 23. Rc4 Be6 24. Rc3 a6 25. Nd6 Bxd6 26. Rxd6 Re8 27. Nc4 Kc7 28. Rd1 Rad8 29. Rdc1 Bxc4 30.
Rxc4 Rd2 31. R4c2 Rxc2 32. Rxc2 Rd8 33. a3 Rd3 34. Kf2 e4 35. Rc4 Rd2+ 36. Kg3 Rxb2 37. Rxe4 Rb3 38. Rg4 g5 39. Kf2 Rxa3 40. h4 Ra2+ 41.
Kg3 Ne5 42. Re4 Kd6 43. hxg5 hxg5 44. Rd4+ Ke6 45. Rb4 b5 46. Kh3 Ra3 47. g3 Rxe3 48. Rb2 g4+ 49. Kh4 Kf5 50. Ra2 Ng6+ 51. Kh5 Rxg3 52. Rf2+ Nf4+ 53. Kh6 Ra3 54. Kg7 g3 55.
Rf1 Kg4 56. Kf7 g2 0-1

[Event "Late-Titled-Tuesday-Blitz-September-12-2023"]
[Site "Chess.com"]
[Date "2023.09.12"]
[Round "4"]
[White "Taran2004"]
[Black "likantrophuss"]
[Result "0-1"]
[WhiteElo "2413"]
[BlackElo "2604"]
[TimeControl "180+1"]
[EndTime "14:37:26 PDT"]
[Termination "likantrophuss won by resignation"]

1. e4 e6 2. d4 d5 3. Nd2 f5 4. exd5 exd5 5. Ngf3 Nf6 6. Bd3 Ne4 7. O-O Be7 8. Ne5 O-O 9. f3 Nd6 10. c3 c6 11. Re1 Bf6 12. Nf1 Na6 13. Ng3 g6 14.
Bh6 Re8 15. Qd2 Bd7 16. Bf4 Nf7 17. Nxf7 Kxf7 18. Rxe8 Qxe8 19. Re1 Qf8 20. Be5 Re8 21. f4 Bxe5 22. fxe5 Nc7 23. Rf1 Kg8 24. h4 Qe7 25. Qh6 Qg7 26. Qxg7+ Kxg7 27. Ne2 Rf8 28. Nf4 h6 29. Re1 Ne6 30. g3 Nxf4 31. gxf4 Be6 32. Kf2 Rc8 33. Ke3 c5 34. Rg1 Kf7 35. Be2 cxd4+ 36.
Kxd4 h5 37. Rd1 b6 38. Bf3 Rc5 39. b4 Rc4+ 40. Ke3 Rxc3+ 41. Rd3 d4+ 42. Kxd4 Rxd3+ 43. Kxd3 Bxa2 44. Kd4 a5 45. bxa5 bxa5 46. Bd5+ Bxd5 47. Kxd5 Ke7 48. Kc5 g5 49. fxg5 f4 50. g6 f3 51.
g7 Kf7 52. Kd6 f2 53. e6+ Kxg7 54. e7 f1=Q 55. e8=Q Qf8+ 56. Qxf8+ Kxf8 57. Kc5 Kf7 58. Kb5 Kf6 59. Kxa5 Kf5 60. Kb4 Kg4 61. Kc3 Kxh4 62. Kd2 Kg3 63. Ke1 Kg2 64. Ke2 h4 65. Ke3 h3 66. Kf4 h2 0-1

[Event "Late-Titled-Tuesday-Blitz-September-12-2023"]
[Site "Chess.com"]
[Date "2023.09.12"]
[Round "4"]
[White "ZuraTqebuchava"]
[Black "Schwindle"]
[Result "1-0"]
[WhiteElo "2264"]
[BlackElo "2427"]
[TimeControl "180+1"]
[EndTime "14:37:26 PDT"]
[Termination "ZuraTqebuchava won by resignation"]

1. e4 e6 2. d3 c5 3. Nf3 Nc6 4. Nc3 d6 5. g3 g6 6. Bg2 Bg7 7. O-O Nge7 8. Be3 e5 9. Ne1 f5 10. f4 O-O 11. Nf3 Nd4 12. fxe5 dxe5 13. Bg5 h6 14. Bxe7 Qxe7 15. Nd5 Qd8 16. Nxd4 cxd4 17. Kh1 Be6 18. c4 h5 19. Qe1 h4 20. gxh4 Bxd5 21.
exd5 Qd6 22. Rg1 Kh7 23. Bf3 Rae8 24. Qg3 Bh6 25. h5 g5 26. Bg2 g4 27. Raf1 Qf6 28.
Rxf5 Qg7 29. Rxf8 Rxf8 30. Be4+ Kh8 31. Qxg4 Qxg4 32. Rxg4 Be3 33. Kg2 Rf2+ 34. Kh3 Rxb2 35. h6 Bf4 36. Rg6 Rxh2+ 37. Kg4 Rxh6 38. Rxh6+ Bxh6 39.
Kf5 Kg7 40. Kxe5 Be3 41. Ke6 Kf8 42. Bg6 1-0

[Event "Late-Titled-Tuesday-Blitz-September-12-2023"]
[Site "Chess.com"]
[Date "2023.09.12"]
[Round "4"]
[White "farzadbfd"]
[Black "FabianoCaruana"]
[Result "0-1"]
[WhiteElo "2707"]
[BlackElo "3053"]
[TimeControl "180+1"]
[EndTime "14:37:27 PDT"]
[Termination "FabianoCaruana won by resignation"]

1. e4 c5 2. Nc3 e6 3. g3 a6 4.
Bg2 b5 5. d3 Bb7 6. Be3 Nc6 7.
Nge2 Nf6 8. h3 d6 9. O-O Be7 10. f4 O-O 11. Qd2 Nd7 12. f5 Bf6 13. g4 Be5 14.
Nf4 Qe7 15. Rab1 Nd4 16. Nd1 b4 17. c3 Nb5 18. Nh5 g6 19. Nf4 Bg7 20. cxb4 Nd4 21. Ne2 Nxe2+ 22. Qxe2 cxb4 23. Qd2 a5 24. Bh6 Bxh6 25.
Qxh6 exf5 26. gxf5 Qe5 27. Ne3 Nf6 28. Kh1 Rac8 29.
Rbd1 Qd4 30. Nc4 Ba6 31. b3 Nh5 32. Qg5 Rc5 33. Qg4 Bxc4 34. dxc4 Qe5 35. Rd5 Rxd5 36. exd5 Ng3+ 37. Kg1 Nxf1 38. Bxf1 Qxf5 39. Qxf5 gxf5 40. Bd3 Kg7 41. Bxf5 Kf6 42. Bxh7 Rh8 43. Be4 Rxh3 44. Kf2 Rc3 45. Ke2 Ke5 46. Bd3 f5 47. Kd2 f4 48. Be2 Kd4 49. Bd1 f3 0-1

[Event "Late-Titled-Tuesday-Blitz-September-12-2023"]
[Site "Chess.com"]
[Date "2023.09.12"]
[Round "4"]
[White "sergiochess83"]
[Black "Hasangatin_Ramil"]
[Result "1-0"]
[WhiteElo "2927"]
[BlackElo "2720"]
[TimeControl "180+1"]
[EndTime "14:37:28 PDT"]
[Termination "sergiochess83 won by resignation"]

1. d4 d5 2. c4 c6 3. Nf3 Nf6 4. Nc3 dxc4 5. a4 Na6 6. e3 Bg4 7. Bxc4 Nb4 8. Ne5 e6 9. Nxg4 Nxg4 10. Qxg4 Nc2+ 11. Ke2 Nxa1 12. Qe4 Qb6 13. d5 O-O-O 14.
dxe6 Nb3 15. exf7 Nxc1+ 16. Rxc1 Qxb2+ 17. Rc2 Qb4 18. Be6+ Kb8 19. Qxb4 Bxb4 20. Ne4 Be7 21. f4 h5 22. f5 Rh6 23. g3 Kc7 24. Nc5 b6 25. Nd3 Kd6 26. e4 Rxe6 27. fxe6 Kxe6 28. Rxc6+ Kxf7 29. Rc7 a5 30. Nf4 Ke8 31. Nxh5 Bf8 32. Nxg7+ Bxg7 33. Rxg7 Rd4 34. Rb7 Rxe4+ 35. Kf3 Rb4 36. h4 Kf8 37. h5 Kg8 38. g4 Rxa4 39. Rxb6 Ra1 40. Ra6 a4 41. Kf4 a3 42. Kg5 a2 43.
Kg6 Kf8 44. g5 Ke8 45. h6 Kd8 46. h7 Rh1 47. Rxa2 Ke7 48. Ra8 1-0

[Event "Late-Titled-Tuesday-Blitz-September-12-2023"]
[Site "Chess.com"]
[Date "2023.09.12"]
[Round "4"]
[White "salomez"]
[Black "rdarruda"]
[Result "0-1"]
[WhiteElo "2297"]
[BlackElo "2514"]
[TimeControl "180+1"]
[EndTime "14:37:28 PDT"]
[Termination "rdarruda won on time"]

1. e4 c5 2. Nf3 Nc6 3. Bb5 g6 4. O-O Bg7 5. Re1 Nf6 6. e5 Nd5 7.
Nc3 Nc7 8. Bxc6 dxc6 9. Ne4 Ne6 10. d3 O-O 11. Be3 b6 12. Qd2 Re8 13. Bh6 Bh8 14. a4 Nd4 15. Nxd4 cxd4 16. Ng3 Qd5 17. Qf4 c5 18. Re2 Bb7 19. f3 c4 20. Rae1 cxd3 21. cxd3 Rac8 22. Nf5 Rcd8 23. Qh4 Rd7 24. e6 fxe6 25. Ng3 e5 26. Ne4 Qe6 27. Bd2 Bf6 28. Ng5 Bxg5 29. Bxg5 Rd5 30. Qg3 Qf5 31. Rxe5 Rxe5 32. Qxe5 Qxe5 33. Rxe5 e6 34. Kf2 Bd5 35.
Re2 Bb3 36. Bf6 Bxa4 37. Bxd4 Kf7 38. Bc3 Bb5 39. Re3 Rd8 40. Ke2 a5 41. Kd2 Rd5 42. Kc2 Rg5 43. g3 Rh5 44. Re5 Rxh2+ 45. Kb3 Bc6 46.
Re3 Rf2 47. f4 Bd5+ 48. Ka3 Rf1 49. b3 Rb1 50. Bb2 b5 0-1